 Dungeon Crawl Stone Soup version 0.17.0-18-gaab0e96 (console) character file.

35149 lucretius the Carver (level 13, 0/111 HPs)
             Began as a Demigod Fighter on Nov 12, 2015.
             Killed from afar by an ogre mage (3 damage)
             ... with an orb of energy
             ... on level 13 of the Dungeon.
             The game lasted 00:51:11 (26853 turns).

lucretius the Carver (Demigod Fighter)             Turns: 26853, Time: 00:51:11

Health: 0/111      AC: 28    Str: 21    XL:     13   Next: 15%
Magic:  16/16      EV: 10    Int: 23    God:
Gold:   1521       SH: 12    Dex: 19    Spells: 0 memorised, 12 levels left

rFire  . . .     SeeInvis .     v - +6 long sword {slice, +Blink +Inv rPois Str+2}
rCold  + + .     Clarity  +     D - +0 plate armour
rNeg   . . .     SustAt   +     c - +0 shield
rPois  +         Gourm    .     o - +0 helmet of the Original Sin {MR+ Int+7}
rElec  .         Spirit   .     B - +2 cloak {MR+}
rCorr  .         Warding  .     F - +0 pair of gloves
rMut   .         Stasis   .     q - +2 pair of boots
MR     +++..                    p - amulet of clarity
Stlth  ..........               d - +4 ring of protection
                                l - ring of protection from cold

@: extremely resistant to hostile enchantments, extremely unstealthy
A: hooves 1, cold resistance 1, high mp 1, sustain attributes
a: Evoke Blink, Evoke Invisibility


   Skills:
 - Level 9.1 Fighting
 + Level 13.2 Long Blades
 - Level 9.6 Armour
 - Level 7.6 Dodging
 - Level 9.0 Shields


You had 12 spell levels left.
You didn't know any spells.

Inventory:

Hand Weapons
 v - the +6 long sword of War (weapon) {slice, +Blink +Inv rPois Str+2}
   (You took it off a kobold in a bailey)

   It inflicts extra damage upon your enemies.
   It affects your strength (+2).
   It protects you from poison.
   It lets you turn invisible.
   It lets you blink.
Armour
 c - a +0 shield (worn)
 o - the +0 helmet of the Original Sin (worn) {MR+ Int+7}
   (You found it on level 5 of the Dungeon)

   It affects your intelligence (+7).
   It affects your resistance to hostile enchantments.
 q - a +2 pair of boots (worn)
   (You found it on level 1 of the Dungeon)
 B - a +2 cloak of magic resistance (worn)
   (You took it off Crazy Yiuf on level 7 of the Dungeon)
 D - a +0 plate armour (worn)
   (You took it off an orc warrior on level 7 of the Dungeon)
 F - a +0 pair of gloves (worn)
   (You found it on level 8 of the Dungeon)
Jewellery
 b - an uncursed ring of flight
   (You took it off an orc priest on level 4 of the Dungeon)
 d - a +4 ring of protection (right hand)
   (You found it on level 11 of the Dungeon)
 i - an uncursed amulet of warding
   (You found it on level 7 of the Dungeon)
 l - a ring of protection from cold (left hand)
   (You found it on level 3 of the Dungeon)
 p - an amulet of clarity (around neck)
   (You found it on level 1 of the Dungeon)
Wands
 a - a wand of paralysis (8)
   (You found it on level 9 of the Dungeon)
 x - a wand of fireball (4)
   (You found it on level 12 of the Dungeon)
 y - a wand of cold (0)
   (You found it on level 6 of the Dungeon)
Scrolls
 e - a scroll of amnesia
 k - 3 scrolls of recharging
 m - 9 scrolls of remove curse
 n - 5 scrolls of magic mapping
 r - a scroll of identify
 t - a scroll of teleportation
 u - 6 scrolls of enchant weapon
Potions
 f - a potion of invisibility
 h - 7 potions of curing
 s - a potion of ambrosia {!q}
 A - a potion of cancellation
 G - a potion of brilliance
Books
 j - a book of Battle
   (You found it on level 7 of the Dungeon)

   Spells                             Type                      Level
   a - Infusion                       Charms                       1
   b - Shroud of Golubria             Charms/Translocation         2
   c - Song of Slaying                Charms                       2
   d - Spectral Weapon                Hexes/Charms                 3
   e - Regeneration                   Charms/Necromancy            3
Comestibles
 g - 5 meat rations
 w - 10 fruits
 z - 8 slices of pizza
 C - 5 beef jerkies
 E - a chunk of flesh


Message History

The ogre mage hits you but does no damage!
You are feeling hungry!
You chop the orc knight into pieces!!!
You annihilate the orc knight!!!
The ogre mage hits you but does no damage! x2
The ogre mage casts a spell!
The ogre mage flickers and vanishes!!!
Deactivating autopickup; reactivate with Ctrl-A!
The ogre mage hits you but does no damage!
Things that are here:
a BATTLEAXE; a plate armour You dice the ogre mage like an onion!
The ogre mage is lightly wounded!
The ogre mage gestures at you while chanting!
The bolt of lightning hits you!!!
You dice the ogre mage but do no damage!
The ogre mage is lightly wounded!
You block the ogre mage's attack!
You closely miss the ogre mage!
The ogre mage is lightly wounded!
The ogre mage hits you with a spear! You block the ogre mage's attack!
You dice the ogre mage like an onion!
The ogre mage is lightly wounded!
The ogre mage hits you but does no damage!
You dice the ogre mage like an onion!!!
The ogre mage is moderately wounded!
The ogre mage hits you but does no damage!
You dice the ogre mage like an onion!
The ogre mage is heavily wounded!
The ogre mage gestures at you while chanting!
The bolt of lightning hits you!!!
You dice the ogre mage like an onion!!!
The ogre mage is almost dead!
The ogre mage gestures at you while chanting!
The bolt of lightning hits you!!!
Drink which item? (? for menu, Esc to quit)
Okay, then!
You dice the ogre mage like an onion!
The ogre mage is almost dead!
The ogre mage barely misses you!
You dice the ogre mage like an onion!
You annihilate the ogre mage!!!
You closely miss something! You block its attack!
You dice something like an onion! Something hits you but does no damage!
You dice something like an onion!!! Something hits you but does no damage!
Your plate armour prevents you from hitting something!
You hear some strange, mumbled words!
An orb of energy appears from out of thin air!!!
The orb of energy hits you!!! rip

##..# ##.....## ####.#
....# ##...## #.# ###.#
##'## #.# ###.# #.# #.#
##..#######.### #.#
##≈≈.#..}.....# #.#
.#≈≈≈..###....#
..≈≈≈≈.##.....##########.
.p≈≈≈≈)#.......{@........
##≈≈≈≈.#.###..###########
#≈≈≈≈...# #..#
##≈≈≈..#.###(##
.'.....#o....#
.'...O..###.## .'......#
#.# ##≈≈≈...# #.#
#≈≈≈≈..# #.# ###########


There were no monsters in sight!

Vault maps used:
D:1:      dpeg_arrival_rhombi
D:2:      nicolae_overflow_crystal_walls, led_sif_pool
D:3:      kennysheep_vampire_church, ecumenical_altar_1, first_bread
D:4:      cheibriados_altar_1, uniq_sigmund, uniq_edmund, uniq_robin
D:6:      overflow_temple_1_default, temple_green
D:7:      nemelex_xobeh_ov_fountains_minmay, nicolae_dithmenos_the_darkroom,
          serial_shops, nicolae_shop_temple_entry_statues_fountains,
          grunt_livestock, nicolae_gozag_seed_capital, uniq_menkaure,
          uniq_crazy_yiuf_cottage
D:8:      basic_altar, minmay_curled_crystal, zaba_anthell, uniq_psyche
D:9:      serial_shops, nicolae_shop_temple_entry_statues_fountains,
          uniq_gastronok, uniq_prince_ribbit1
D:10:     enter_bailey_3, minmay_misc_feat_cross, minmay_misc_feat_square,
          xom_teletrap_fun, uniq_erolcha, uniq_josephine
D:11:     erik_lair_island, orc_0_dummy
D:12:     uniq_frances
D:13:     grunt_vaults_entry_fortified, spider_trap
D:14:     nrook_mini_backslash, kennysheep_generic_room_8
Bailey:   bailey_axe_3, bailey

Dungeon Overview and Level Annotations

Branches:
Dungeon (14/15)            Temple (0/1) D:6            Lair (0/8) D:11
    Orc (0/4) D:11
 Vaults: D:13-14

Shops:
D:7 :   D:9 [


Innate Abilities, Weirdness & Mutations

You have an increased reservoir of magic (+10% MP).
Your attributes are resistant to harm.
You have large cloven feet.
Your flesh is cold resistant.


You were on level 13 of the Dungeon.
You were hungry.

You visited 1 branch of the dungeon, and saw 14 of its levels.
You also visited: Bailey.

You collected 1521 gold pieces.

Vanquished Creatures
  Monster Symbol All ' '
  The ghost of lorot the Bludgeoner, a novice MiBe of Trog (D:9)
  The ghost of kobo the Severer, a novice MiBe of Trog (D:8)
  The ghost of benny685 the Shield-Bearer, a novice MiFi of Okawaru (D:5)
3 creatures vanquished. All '5' 8 crimson imps (D:6 D:7 D:8 D:10 D:13) 2 quasits (D:7 D:14) 7 shadow imps (D:3 D:5 D:7 D:9 D:12)
17 creatures vanquished. All '9' 4 gargoyles (D:11 D:14 D:13 D:12)
4 creatures vanquished. All ';' 4 electric eels (D:11)
4 creatures vanquished. All '@' Frances (D:12) Josephine (D:10) Psyche (D:8) Sigmund (D:4) Edmund (D:4)
5 creatures vanquished. All 'C' 6 hill giants (D:10 D:11 D:13 D:12) 2 cyclopes (D:11 D:12)
8 creatures vanquished. All 'D' A steam dragon (D:11) A mottled dragon (D:9)
2 creatures vanquished. All 'F' Prince Ribbit (D:9) 12 giant frogs (D:6 D:8 D:7 D:9 D:10)
13 creatures vanquished. All 'G' An eye of draining (D:12)
1 creature vanquished. All 'H' A manticore (D:9) 5 hippogriffs (D:9 D:12)
6 creatures vanquished. All 'J' 6 jellies (D:6 D:8 D:11 D:12)
6 creatures vanquished. All 'K' A kobold demonologist (D:14) A big kobold (D:9) 24 kobolds (D:1 D:3 Bailey D:9)
26 creatures vanquished. All 'M' Menkaure (D:7)
1 creature vanquished. All 'O' An ogre mage (D:13) Erolcha (D:10) 4 two-headed ogres (D:10 D:11 D:12) 8 ogres (D:4 D:5 D:6 D:8 D:9)
14 creatures vanquished. All 'Q' A tengu warrior (D:14)
1 creature vanquished. All 'S' A water moccasin (D:5) 13 adders (D:2 D:3 D:4 D:5 D:6) 5 ball pythons (D:2 D:3 D:4)
19 creatures vanquished. All 'T' 5 trolls (D:8 D:11 D:13)
5 creatures vanquished. All 'W' A freezing wraith (D:14) 6 wraiths (D:9 D:10 D:12) A hungry ghost (D:7) A phantom (D:11)
9 creatures vanquished. All 'Y' 17 yaks (D:11 D:12) 2 sky beasts (D:7 D:10) 4 ice beasts (D:7 D:8 D:9) 4 sheep (D:7)
27 creatures vanquished. All 'Z' 2 centaur zombies (D:5 D:14) 2 centaur skeletons (D:10 D:14) A wyvern skeleton (D:8) A giant frog zombie (D:6) 3 giant frog skeletons (D:4 D:11) A killer bee zombie (D:9) A hound skeleton (D:4) An adder skeleton (D:6) 3 adder zombies (D:5 D:7 D:9) 4 bat skeletons (D:3) A bat zombie (D:3) A giant cockroach zombie (D:5) A giant gecko skeleton (D:4) A giant gecko zombie (D:6)
23 creatures vanquished. All 'a' A queen ant (D:8) 16 soldier ants (D:8 D:7 D:14) 45 worker ants (D:4 D:5 D:6 D:7 D:8)
62 creatures vanquished. All 'b' A vampire bat (D:3) 8 bats (D:1 D:2 D:3)
9 creatures vanquished. All 'c' 6 centaurs (D:6 D:8 D:10 D:9 D:11)
6 creatures vanquished. All 'e' A deep elf fighter (D:13) A deep elf mage (D:9)
2 creatures vanquished. All 'g' A gnoll sergeant (D:10) Crazy Yiuf (D:7) Robin (D:4) 8 gnolls (D:3 Bailey D:10) 21 goblins (D:1 D:2 D:3 D:4 D:10) 9 hobgoblins (D:1 D:2 D:3 D:4 Bailey)
41 creatures vanquished. All 'h' 2 wolves (D:11) 2 black bears (D:6) 15 hounds (D:5 D:6 D:7 D:8 D:9) 24 jackals (D:1 D:4 D:5 D:7 D:8)
43 creatures vanquished. All 'l' A wyvern (D:9) 7 iguanas (D:4 D:7 D:10 D:9 D:11) 6 giant geckos (D:1 D:2 D:3 D:4 D:6) 7 giant newts (D:1 D:2 D:5)
21 creatures vanquished. All 'o' An orc knight (D:13) 8 orc warriors (D:6 D:7 Bailey D:9 D:13) 12 orc wizards (D:4 D:6 D:7 D:9 D:11) 5 orc priests (D:4 D:6 D:7 D:9) 63 orcs (D:3 D:4 D:5 D:6 D:7)
89 creatures vanquished. All 'p' A human (D:7)
1 creature vanquished. All 'r' 5 quokkas (D:2 D:7 D:10 D:11) 4 rats (D:1 D:3)
9 creatures vanquished. All 's' A trapdoor spider (D:12) 4 scorpions (D:9 D:10 D:11) 5 giant cockroaches (D:1 D:2 D:4 D:7 D:8)
10 creatures vanquished. All 't' A crocodile (D:8)
1 creature vanquished. All 'u' 2 ugly things (D:11 D:13)
2 creatures vanquished. All 'w' Gastronok (D:9) 4 worms (D:2)
5 creatures vanquished. All 'x' 2 unseen horrors (D:11 D:12)
2 creatures vanquished. All 'y' 3 vampire mosquitoes (D:13) 12 killer bees (D:5 D:9 D:10 D:11 D:12)
15 creatures vanquished.
512 creatures vanquished. Monster Nature Uniques Gastronok (D:9) Frances (D:12) Josephine (D:10) Erolcha (D:10) Psyche (D:8) Prince Ribbit (D:9) Sigmund (D:4) Menkaure (D:7) Edmund (D:4) Crazy Yiuf (D:7) Robin (D:4)
11 creatures vanquished. Natural Monsters An ogre mage (D:13) A tengu warrior (D:14) The ghost of lorot the Bludgeoner, a novice MiBe of Trog (D:9) The ghost of kobo the Severer, a novice MiBe of Trog (D:8) A queen ant (D:8) 6 hill giants (D:10 D:11 D:13 D:12) 2 unseen horrors (D:11 D:12) An orc knight (D:13) 2 cyclopes (D:11 D:12) 2 ugly things (D:11 D:13) A manticore (D:9) The ghost of benny685 the Shield-Bearer, a novice MiFi of Okawaru (D:5) A kobold demonologist (D:14) 5 trolls (D:8 D:11 D:13) 4 two-headed ogres (D:10 D:11 D:12) A trapdoor spider (D:12) A wyvern (D:9) A deep elf fighter (D:13) 5 hippogriffs (D:9 D:12) A deep elf mage (D:9) A steam dragon (D:11) 17 yaks (D:11 D:12) A human (D:7) 2 wolves (D:11) 16 soldier ants (D:8 D:7 D:14) A mottled dragon (D:9) A water moccasin (D:5) 8 orc warriors (D:6 D:7 Bailey D:9 D:13) 2 sky beasts (D:7 D:10) 6 centaurs (D:6 D:8 D:10 D:9 D:11) An eye of draining (D:12) 4 ice beasts (D:7 D:8 D:9) 2 black bears (D:6) A crocodile (D:8) 8 ogres (D:4 D:5 D:6 D:8 D:9) A gnoll sergeant (D:10) A big kobold (D:9) 12 giant frogs (D:6 D:8 D:7 D:9 D:10) 4 scorpions (D:9 D:10 D:11) 12 killer bees (D:5 D:9 D:10 D:11 D:12) 4 electric eels (D:11) 6 jellies (D:6 D:8 D:11 D:12) 15 hounds (D:5 D:6 D:7 D:8 D:9) 7 iguanas (D:4 D:7 D:10 D:9 D:11) 12 orc wizards (D:4 D:6 D:7 D:9 D:11) 45 worker ants (D:4 D:5 D:6 D:7 D:8) 5 orc priests (D:4 D:6 D:7 D:9) 4 sheep (D:7) 13 adders (D:2 D:3 D:4 D:5 D:6) 8 gnolls (D:3 Bailey D:10) 4 worms (D:2) 6 giant geckos (D:1 D:2 D:3 D:4 D:6) 63 orcs (D:3 D:4 D:5 D:6 D:7) 5 ball pythons (D:2 D:3 D:4) 8 bats (D:1 D:2 D:3) 5 giant cockroaches (D:1 D:2 D:4 D:7 D:8) 21 goblins (D:1 D:2 D:3 D:4 D:10) 9 hobgoblins (D:1 D:2 D:3 D:4 Bailey) 5 quokkas (D:2 D:7 D:10 D:11) 7 giant newts (D:1 D:2 D:5) 24 jackals (D:1 D:4 D:5 D:7 D:8) 24 kobolds (D:1 D:3 Bailey D:9) 4 rats (D:1 D:3)
444 creatures vanquished. Non-Living Monsters 4 gargoyles (D:11 D:14 D:13 D:12)
4 creatures vanquished. Undead Monsters 2 centaur zombies (D:5 D:14) 2 centaur skeletons (D:10 D:14) A freezing wraith (D:14) 6 wraiths (D:9 D:10 D:12) A hungry ghost (D:7) 3 vampire mosquitoes (D:13) A phantom (D:11) A wyvern skeleton (D:8) A vampire bat (D:3) A giant frog zombie (D:6) 3 giant frog skeletons (D:4 D:11) A killer bee zombie (D:9) A hound skeleton (D:4) An adder skeleton (D:6) 3 adder zombies (D:5 D:7 D:9) 4 bat skeletons (D:3) A bat zombie (D:3) A giant cockroach zombie (D:5) A giant gecko skeleton (D:4) A giant gecko zombie (D:6)
36 creatures vanquished. Demonic Monsters 8 crimson imps (D:6 D:7 D:8 D:10 D:13) 2 quasits (D:7 D:14) 7 shadow imps (D:3 D:5 D:7 D:9 D:12)
17 creatures vanquished.
512 creatures vanquished. Ascending Order Gastronok (D:9) Frances (D:12) Josephine (D:10) An ogre mage (D:13) Erolcha (D:10) A tengu warrior (D:14) The ghost of lorot the Bludgeoner, a novice MiBe of Trog (D:9) The ghost of kobo the Severer, a novice MiBe of Trog (D:8) A queen ant (D:8) An orc knight (D:13) A manticore (D:9) The ghost of benny685 the Shield-Bearer, a novice MiFi of Okawaru (D:5) Psyche (D:8) A kobold demonologist (D:14) A freezing wraith (D:14) Prince Ribbit (D:9) A trapdoor spider (D:12) Sigmund (D:4) A wyvern (D:9) A deep elf fighter (D:13) A deep elf mage (D:9) A steam dragon (D:11) A human (D:7) A hungry ghost (D:7) Menkaure (D:7) Edmund (D:4) A mottled dragon (D:9) A water moccasin (D:5) A phantom (D:11) An eye of draining (D:12) A crocodile (D:8) A gnoll sergeant (D:10) A big kobold (D:9) A wyvern skeleton (D:8) A vampire bat (D:3) A giant frog zombie (D:6) Crazy Yiuf (D:7) A killer bee zombie (D:9) A hound skeleton (D:4) Robin (D:4) An adder skeleton (D:6) A bat zombie (D:3) A giant gecko zombie (D:6) A giant cockroach zombie (D:5) A giant gecko skeleton (D:4) 2 unseen horrors (D:11 D:12) 2 cyclopes (D:11 D:12) 2 ugly things (D:11 D:13) 2 centaur zombies (D:5 D:14) 2 centaur skeletons (D:10 D:14) 2 wolves (D:11) 2 sky beasts (D:7 D:10) 2 black bears (D:6) 2 quasits (D:7 D:14) 3 vampire mosquitoes (D:13) 3 giant frog skeletons (D:4 D:11) 3 adder zombies (D:5 D:7 D:9) 4 gargoyles (D:11 D:14 D:13 D:12) 4 two-headed ogres (D:10 D:11 D:12) 4 ice beasts (D:7 D:8 D:9) 4 scorpions (D:9 D:10 D:11) 4 electric eels (D:11) 4 sheep (D:7) 4 worms (D:2) 4 bat skeletons (D:3) 4 rats (D:1 D:3) 5 trolls (D:8 D:11 D:13) 5 hippogriffs (D:9 D:12) 5 orc priests (D:4 D:6 D:7 D:9) 5 ball pythons (D:2 D:3 D:4) 5 quokkas (D:2 D:7 D:10 D:11) 5 giant cockroaches (D:1 D:2 D:4 D:7 D:8) 6 hill giants (D:10 D:11 D:13 D:12) 6 wraiths (D:9 D:10 D:12) 6 centaurs (D:6 D:8 D:10 D:9 D:11) 6 jellies (D:6 D:8 D:11 D:12) 6 giant geckos (D:1 D:2 D:3 D:4 D:6) 7 iguanas (D:4 D:7 D:10 D:9 D:11) 7 shadow imps (D:3 D:5 D:7 D:9 D:12) 7 giant newts (D:1 D:2 D:5) 8 orc warriors (D:6 D:7 Bailey D:9 D:13) 8 ogres (D:4 D:5 D:6 D:8 D:9) 8 crimson imps (D:6 D:7 D:8 D:10 D:13) 8 gnolls (D:3 Bailey D:10) 8 bats (D:1 D:2 D:3) 9 hobgoblins (D:1 D:2 D:3 D:4 Bailey) 12 giant frogs (D:6 D:8 D:7 D:9 D:10) 12 killer bees (D:5 D:9 D:10 D:11 D:12) 12 orc wizards (D:4 D:6 D:7 D:9 D:11) 13 adders (D:2 D:3 D:4 D:5 D:6) 15 hounds (D:5 D:6 D:7 D:8 D:9) 16 soldier ants (D:8 D:7 D:14) 17 yaks (D:11 D:12) 21 goblins (D:1 D:2 D:3 D:4 D:10) 24 jackals (D:1 D:4 D:5 D:7 D:8) 24 kobolds (D:1 D:3 Bailey D:9) 45 worker ants (D:4 D:5 D:6 D:7 D:8) 63 orcs (D:3 D:4 D:5 D:6 D:7)
512 creatures vanquished. ----------------------------------------

Vanquished Creatures (others)
  Monster Symbol All 'P'
  A fungus (D:7)
1 creature vanquished.
1 creature vanquished. Monster Nature Plants A fungus (D:7)
1 creature vanquished.
1 creature vanquished. Ascending Order A fungus (D:7)
1 creature vanquished. ----------------------------------------

Grand Total: 513 creatures vanquished

Table legend:
 A = Kills in this place as a percentage of kills in entire the game.
 B = Kills by you in this place as a percentage of kills by you in the entire game.
 C = Kills by friends in this place as a percentage of kills by friends in the entire game.
 D = Other kills in this place as a percentage of other kills in the entire game.
 E = Experience gained in this place as a percentage of experience gained in the entire game.
 F = Experience gained in this place divided by the number of levels of this place that you have seen.
                   A       B       C       D       E      F
               +-------+-------+-------+-------+-------+----------------------
         Total | 100.0 | 100.0 |  -nan |  -nan | 100.0 | 3347.5
       Dungeon |  96.9 |  96.9 |  -nan |  -nan |  99.1 | 3555.2
        Bailey |   3.1 |   3.1 |  -nan |  -nan |   0.9 | 440.0
               +-------+-------+-------+-------+-------+----------------------

Table legend:
 A = Turns spent in this place as a percentage of turns spent in the entire game.
 B = Non-inter-level travel turns spent in this place as a percentage of non-inter-level travel turns spent in the entire game.
 C = Inter-level travel turns spent in this place as a percentage of turns spent in this place.
 D = Turns resting spent in this place as a percentage of non-inter-level travel turns spent in this place.
 E = Turns spent auto-exploring this place as a percentage of non-inter-level travel turns spent in this place.
 F = Non-inter-level travel turns spent in this place divided by the number of levels of this place that you've seen.
                   A       B       C       D       E      F
               +-------+-------+-------+-------+-------+----------------------
         Total | 100.0 | 100.0 |   0.4 |   3.5 |   6.9 | 520.5
       Dungeon |  97.5 |  97.5 |   0.4 |   3.5 |   7.0 | 543.4
        Bailey |   2.5 |   2.5 |   0.0 |   2.0 |   0.5 | 199.0
               +-------+-------+-------+-------+-------+----------------------

Action                   |  1- 3 |  4- 6 |  7- 9 | 10-12 | 13-15 || total
-------------------------+-------+-------+-------+-------+-------++-------
Melee: Long sword        |   160 |   202 |   894 |  1653 |    85 ||  2994
 Abil: Evoke Flight      |       |       |       |     3 |       ||     3
Evoke: Wand              |       |       |     2 |     2 |       ||     4
  Use: Scroll            |     2 |     7 |    11 |    10 |     1 ||    31
       Potion            |       |    12 |     6 |     7 |       ||    25
 Stab: Distracted        |       |       |     2 |       |       ||     2
       Invisible         |       |       |       |     3 |       ||     3
  Eat: Chunk             |     4 |     6 |    15 |    18 |     3 ||    46
       Bread ration      |       |       |     5 |     4 |       ||     9
       Fruit             |       |       |     1 |       |       ||     1
       Pizza             |       |       |     1 |       |       ||     1
       Meat ration       |       |       |       |     1 |       ||     1

Notes
Turn   | Place    | Note
--------------------------------------------------------------
     0 | D:1      | lucretius the Demigod Fighter began the quest for the Orb.
     0 | D:1      | Reached XP level 1. HP: 18/18 MP: 3/3
   110 | D:1      | Reached skill level 2 in Long Blades
   356 | D:1      | Reached XP level 2. HP: 25/25 MP: 4/4
   916 | D:1      | Reached skill level 3 in Shields
  1253 | D:2      | Found a shimmering altar of Xom.
  1340 | D:2      | Reached XP level 3. HP: 24/30 MP: 5/5
  1410 | D:2      | Reached skill level 3 in Long Blades
  1421 | D:2      | Reached skill level 3 in Fighting
  1765 | D:2      | Found a deep blue altar of Sif Muna.
  1973 | D:2      | Reached XP level 4. HP: 29/38 MP: 6/6
  2037 | D:2      | Gained mutation: You have a pair of small horns on your head. [potion of beneficial mutation]
  2038 | D:2      | Gained mutation: You have large cloven feet. [potion of beneficial mutation]
  2042 | D:2      | Gained mutation: You are agile. (Dex +2) [potion of mutation]
  2042 | D:2      | Gained mutation: You are dopey. (Int -2) [potion of mutation]
  2309 | D:3      | Found a faded altar to an unknown god.
  2695 | D:3      | Gained mutation: Your flesh is cold resistant. [potion of mutation]
  2695 | D:3      | Lost mutation: You are agile. (Dex +2) [potion of mutation]
  2930 | D:3      | Found an ancient bone altar of Kikubaaqudgha.
  2934 | D:3      | Reached XP level 5. HP: 45/45 MP: 7/7
  3027 | D:3      | Reached skill level 4 in Long Blades
  3242 | D:4      | Noticed Robin
  3271 | D:4      | HP: 9/45 [poisoned by a goblin]
  3279 | D:4      | HP: 6/45 [poisoned by a goblin]
  3286 | D:4      | HP: 5/45 [poisoned by a goblin]
  3326 | D:4      | Killed Robin
  3537 | D:4      | Found a snail-covered altar of Cheibriados.
  3543 | D:4      | Noticed an ogre
  3574 | D:4      | Killed an ogre
  3574 | D:4      | Reached skill level 4 in Shields
  3574 | D:4      | Reached XP level 6. HP: 48/52 MP: 8/8
  3822 | D:4      | Reached skill level 5 in Long Blades
  3829 | D:4      | Reached skill level 4 in Fighting
  4034 | D:4      | Noticed Sigmund
  4097 | D:4      | Killed Sigmund
  4097 | D:4      | Reached XP level 7. HP: 27/59 MP: 9/9
  4454 | D:4      | Noticed Edmund
  4492 | D:4      | Killed Edmund
  4761 | D:4      | Reached skill level 6 in Long Blades
  4770 | D:4      | Reached skill level 5 in Shields
  4852 | D:4      | Noticed an ogre
  4858 | D:4      | Killed an ogre
  5052 | D:5      | Entered Level 5 of the Dungeon
  5098 | D:5      | Got a translucent helmet
  5181 | D:5      | Lost mutation: You are dopey. (Int -2) [potion of cure mutation]
  5181 | D:5      | Lost mutation: You have a pair of small horns on your head. [potion of cure mutation]
  5187 | D:5      | Identified the +0 helmet of the Original Sin {MR+ Int+7} (You found it on level 5 of the Dungeon)
  5413 | D:5      | Reached skill level 5 in Fighting
  5413 | D:5      | Reached XP level 8. HP: 52/68 MP: 10/10
  5688 | D:5      | Noticed benny685's ghost (novice MiFi)
  6328 | D:5      | HP: 10/68 [benny685's ghost (9)]
  6358 | D:5      | HP: 9/68 [benny685's ghost (6)]
  6945 | D:5      | Reached skill level 7 in Long Blades
  6945 | D:5      | Reached skill level 3 in Armour
  7489 | D:5      | Noticed a centaur zombie
  7506 | D:5      | Killed a centaur zombie
  8047 | D:5      | HP: 7/68 [benny685's ghost (10)]
  8069 | D:5      | HP: 1/68 [benny685's ghost (10)]
  8079 | D:5      | HP: 2/68 [benny685's ghost (1)]
  8080 | D:5      | Killed benny685's ghost
  8080 | D:5      | Reached skill level 8 in Long Blades
  8080 | D:5      | Reached skill level 4 in Armour
  8784 | D:6      | Found a staircase to the Ecumenical Temple.
  8880 | D:6      | Found a sacrificial altar of Ru.
  9011 | D:6      | Reached XP level 9. HP: 43/74 MP: 11/11
  9032 | D:6      | Reached skill level 9 in Long Blades
  9416 | D:6      | Reached skill level 5 in Armour
 10226 | D:7      | Noticed Menkaure
 10235 | D:7      | Killed Menkaure
 10506 | D:7      | Found a sparkling altar of Nemelex Xobeh.
 10626 | D:7      | Found a shadowy altar of Dithmenos.
 10716 | D:7      | Found an opulent altar of Gozag.
 10868 | D:7      | Noticed Crazy Yiuf
 10870 | D:7      | Killed Crazy Yiuf
 11012 | D:7      | Reached skill level 10 in Long Blades
 11089 | D:7      | Reached skill level 6 in Armour
 11431 | D:7      | Found Peygom's Book Shop.
 11856 | D:8      | Reached skill level 1 in Dodging
 12078 | D:8      | Noticed kobo's ghost (novice MiBe)
 12327 | D:8      | HP: 11/74 [kobo's ghost (20)]
 12718 | D:8      | HP: 11/74 [kobo's ghost (4)]
 13226 | D:8      | HP: 13/74 [kobo's ghost (4)]
 13529 | D:8      | Noticed Psyche
 13535 | D:8      | Paralysed by Psyche for 5 turns
 13576 | D:8      | Paralysed by something for 3 turns
 13591 | D:8      | Killed Psyche
 13591 | D:8      | Reached XP level 10. HP: 33/81 MP: 13/13
 14164 | D:8      | Killed kobo's ghost
 14164 | D:8      | Reached skill level 2 in Dodging
 14385 | D:8      | Found a sparkling altar of Nemelex Xobeh.
 14718 | D:8      | Reached skill level 6 in Shields
 14720 | D:8      | Noticed a queen ant
 14924 | D:8      | HP: 16/83 [poisoned by a soldier ant]
 14929 | D:7      | HP: 16/83 [worker ant (3)]
 14937 | D:7      | HP: 16/83 [soldier ant (2)]
 14946 | D:7      | Reached skill level 6 in Fighting
 15288 | D:7      | Reached skill level 7 in Armour
 15531 | D:8      | Reached skill level 3 in Dodging
 15578 | D:8      | Killed a queen ant
 15641 | D:8      | Reached skill level 11 in Long Blades
 16737 | D:9      | Found Vutrus's Armour Boutique.
 16759 | D:9      | Noticed Gastronok
 17356 | D:9      | Noticed lorot's ghost (novice MiBe)
 17640 | D:7      | Reached skill level 4 in Dodging
 17952 | D:9      | HP: 16/84 [Gastronok/the air (28)]
 18103 | D:8      | Reached XP level 11. HP: 47/91 MP: 14/14
 18207 | D:9      | Noticed a manticore
 18212 | D:10     | Entered Level 10 of the Dungeon
 18277 | D:10     | Found a flagged portal.
 18285 | Bailey   | Entered a bailey
 18444 | Bailey   | Got a smoking long sword {slice}
 18456 | Bailey   | Identified the +6 long sword of War {slice, +Blink +Inv rPois Str+2} (You took it off a kobold in a bailey)
 18480 | Bailey   | Found an iron altar of Okawaru.
 18640 | D:10     | Found a shimmering altar of Xom.
 18820 | D:10     | Noticed Josephine
 18941 | D:9      | Killed a manticore
 18941 | D:9      | Reached skill level 7 in Shields
 19225 | D:9      | Killed Gastronok
 19225 | D:9      | Reached skill level 7 in Fighting
 19225 | D:9      | Reached skill level 8 in Armour
 19603 | D:9      | Reached skill level 5 in Dodging
 19627 | D:9      | Noticed Prince Ribbit
 19638 | D:9      | Killed Prince Ribbit
 20613 | D:10     | Killed Josephine
 20831 | D:10     | Noticed Erolcha
 20876 | D:10     | Killed Erolcha
 21754 | D:9      | Found Vutrus's Armour Boutique.
 21943 | D:8      | HP: 18/93 [troll (5)]
 22292 | D:9      | Killed lorot's ghost
 22384 | D:9      | Reached skill level 8 in Shields
 22402 | D:9      | Reached skill level 6 in Dodging
 22552 | D:9      | Reached XP level 12. HP: 94/101 MP: 15/15
 22702 | D:11     | Reached skill level 8 in Fighting
 23261 | D:11     | Found a staircase to the Lair.
 23559 | D:11     | Found a staircase to the Orcish Mines.
 23591 | D:11     | Reached skill level 12 in Long Blades
 23909 | D:11     | Reached skill level 9 in Armour
 24248 | D:12     | You fall through a shaft for 2 floors!
 24381 | D:14     | Reached skill level 7 in Dodging
 24739 | D:13     | Noticed a vault guard
 25501 | D:12     | Reached skill level 9 in Fighting
 25575 | D:12     | Noticed Frances
 25597 | D:12     | HP: 14/104 [Frances/iron shot (45)]
 25600 | D:12     | HP: 2/104 [Frances/hand axe of chopping (6)]
 25601 | D:12     | Killed Frances
 26051 | D:12     | Reached skill level 9 in Shields
 26124 | D:12     | Reached XP level 13. HP: 106/111 MP: 16/16
 26732 | D:13     | Noticed a vault guard
 26741 | D:13     | Reached skill level 13 in Long Blades
 26812 | D:13     | Noticed an ogre mage
 26846 | D:13     | HP: 17/111 [ogre mage/bolt of lightning (10)]
 26847 | D:13     | HP: 2/111 [ogre mage/bolt of lightning (16)]
 26849 | D:13     | Killed an ogre mage
 26853 | D:13     | Killed from afar by an ogre mage
